 Dungeon Crawl Stone Soup version 0.29.0-11-gd7f09526c8 (webtiles) character file.

Game seed: 14481283436897772602

113264 runemasterragnar the Scorcher (level 16, -5/139 HPs)
             Began as a Red Draconian Transmuter on Sept 6, 2022.
             Was an Elder of Vehumet.
             Slain by a seven-headed hydra (9 damage)
             ... on level 2 of the Swamp on Sept 7, 2022.
             The game lasted 01:23:35 (29656 turns).

runemasterragnar the Scorcher (DrTm)               Turns: 29656, Time: 01:23:36

Health: -5/139     AC: 16    Str: 27    XL:     16   Next: 13%
Magic:  17/30      EV: 13    Int: 15    God:    Vehumet [****..]
Gold:   4154       SH:  5    Dex:  6    Spells: 0/35 levels left

rFire   + . .      SeeInvis .     - Unarmed
rCold   . . .      Faith    .   (no shield)
rNeg    . . .      Spirit   .   (body armour unavailable)
rPois   +          Reflect  +   q - +1 hat
rElec   +          Harm     .   (no cloak)
rCorr   +          Rampage  .   (no gloves)
Will    ++++.                   h - +1 pair of boots "Ypluac" {rElec rCorr Str+8 Dex-3}
Stlth   +.........              E - amulet of reflection
HPRegen 0.33/turn               D - ring of Visimi Biseu {rPois Will+++ rCorr Dex-3 Slay+2}
MPRegen 0.22/turn               t - +4 ring of protection

@: about to teleport
A: breathe fire, AC +9, unfitting armour, fire resistance 1, cold-blooded,
hooves 1
a: Breathe Fire, Renounce Religion


You were on level 2 of the Swamp.
You worshipped Vehumet.
Vehumet was greatly pleased with you.
You visited 7 branches of the dungeon, and saw 28 of its levels.
You visited 1 bazaar.
You also visited: Bailey, Gauntlet and Desolation.

You collected 6106 gold pieces.
You spent 1952 gold pieces at shops.

Inventory:

Missiles
 y - a throwing net
Armour
 h - the +1 pair of boots "Ypluac" (worn) {rElec rCorr Str+8 Dex-3}
   (You found it in a Gauntlet)

   Str:       It affects your strength (+8).
   Dex:       It affects your dexterity (-3).
   rElec:     It insulates you from electricity.
   rCorr:     It protects you from acid and corrosion.
 q - a +1 hat (worn)
 G - the +1 pair of boots of a bazaar {rN+++ Dex-4 SInv Stlth+}
   (You bought it in a shop on level 2 of the Orcish Mines)

   Dex:       It affects your dexterity (-4).
   rN:        It renders you almost immune to negative energy.
   SInv:      It lets you see invisible.
   Stlth:     It makes you more stealthy.
 O - the +0 pair of boots "Wecoj" {rElec rN+ Will+}
   (You found it on level 1 of the Elven Halls)

   rElec:     It insulates you from electricity.
   rN:        It protects you from negative energy.
   Will:      It increases your willpower.
Magical Staves
 u - a staff of fire
 R - a staff of conjuration
Jewellery
 e - the ring of the Final Decision {rC+ Will+ Str-4 Dex+3}
   (You found it in a Gauntlet)

   [ring of protection from cold]

   Str:       It affects your strength (-4).
   Dex:       It affects your dexterity (+3).
   rC:        It protects you from cold.
   Will:      It increases your willpower.
 g - a ring of protection from cold
 l - a ring of magical power
 s - a ring of protection from cold
 t - a +4 ring of protection (right hand)
 D - the ring of Visimi Biseu (left hand) {rPois Will+++ rCorr Dex-3 Slay+2}
   (You acquired it on level 9 of the Dungeon)

   [ring of resist corrosion]

   Dex:       It affects your dexterity (-3).
   Slay:      It affects your accuracy & damage with ranged weapons and melee
   (+2).
   rPois:     It protects you from poison.
   rCorr:     It protects you from acid and corrosion.
   Will:      It greatly increases your willpower.
 E - an amulet of reflection (around neck)
 Q - a ring of fire
Wands
 p - a wand of paralysis (30)
 v - a wand of polymorph (5)
 z - a wand of flame (29)
 I - a wand of roots (6)
 L - a wand of light (4)
 N - a wand of mindburst (13)
Scrolls
 b - 4 scrolls of amnesia
 c - 5 scrolls of enchant armour
 k - 5 scrolls of enchant weapon
 n - 4 scrolls of immolation
 o - 4 scrolls of teleportation
 C - 12 scrolls of identify
 H - a scroll of magic mapping
 J - a scroll of butterflies
 M - 5 scrolls of poison
Potions
 a - 4 potions of lignification
 d - 5 potions of mutation
 f - 2 potions of flight
 i - 5 potions of curing
 j - 7 potions of cancellation
 r - a potion of invisibility
 w - 5 potions of haste
 x - 2 potions of ambrosia
 A - 3 potions of resistance
 B - a potion of magic
 F - a potion of might
 K - 4 potions of attraction
Miscellaneous
 P - a piece from Xom's chessboard (15/15)


   Skills:
 + Level 12.1 Fighting
 + Level 10.4 Dodging
 + Level 11.5 Unarmed Combat
 + Level 10.4 Spellcasting
 * Level 13.0 Conjurations
 - Level 9.2 Transmutations
 * Level 15.3 Fire Magic


You couldn't memorise any spells.
You knew the following spells:

 Your Spells              Type           Power      Damage    Failure   Level
a - Beastly Appendage     Tmut           70%        N/A       1%          1
b - Wereblood             Tmut           35%        N/A       1%          2
c - Fireball              Conj/Fire      25%        3d11      1%          5
d - Blade Hands           Tmut           17%        N/A       6%          5
e - Foxfire               Conj/Fire      100%       2x1d9     1%          1
f - Scorch                Fire           100%       2d10      1%          2
g - Magic Dart            Conj           100%       1d8       1%          1
h - Sticky Flame          Conj/Fire      50%        2d7       1%          4
i - Starburst             Conj/Fire      25%        6d8       1%          6
j - Ignition              Fire           26%        3d9       28%         8

Your spell library contained the following spells:

 Spells                   Type           Power      Damage    Failure   Level
 Spellforged Servitor     Conj/Summ      13%        N/A       77%         7
 Passwall                 Tmut/Erth      17%        N/A       1%          2
 Searing Ray              Conj           92%        2d7       1%          2
 Static Discharge         Conj/Air       27%        3-7/arc   1%          2
 Conjure Flame            Conj/Fire      50%        6-21      1%          3
 Inner Flame              Hex/Fire       30%        N/A       1%          3
 Flame Wave               Conj/Fire      50%        2d12      1%          4
 Fulminant Prism          Conj/Hex       13%        3d9       1%          4
 Spider Form              Tmut/Pois      21%        N/A       4%          3
 Lightning Bolt           Conj/Air       13%        1d27      5%          5
 Apportation              Tloc           14%        N/A       10%         1
 Necrotise                Necr           28%        1d5       10%         1
 Summon Small Mammal      Summ           28%        N/A       10%         1
 Yara's Violent Unravell  Hex/Tmut       10%        3d6       11%         5
 Ensorcelled Hibernation  Hex/Ice        14%        N/A       14%         2
 Ice Form                 Ice/Tmut       21%        N/A       14%         4
 Airstrike                Air            3%         2d(1-17)  24%         4
 Portal Projectile        Hex/Tloc       14%        N/A       28%         3
 Swiftness                Air            7%         N/A       28%         3
 Tukima's Dance           Hex            7%         N/A       28%         3
 Vampiric Draining        Necr           7%         2d6       28%         3
 Animate Dead             Necr           7%         N/A       67%         4
 Dispel Undead            Necr           7%         3d8       67%         4
 Leda's Liquefaction      Hex/Erth       3%         N/A       67%         4
 Summon Ice Beast         Ice/Summ       7%         N/A       67%         4
 Summon Lightning Spire   Summ/Air       7%         N/A       67%         4
 Agony                    Necr           7%         N/A       95%         5
 Borgnjor's Vile Clutch   Necr/Erth      3%         N/A       95%         5
 Summon Mana Viper        Hex/Summ       7%         N/A       95%         5
 Death Channel            Necr           3%         N/A       100%        6
 Malign Gateway           Summ/Tloc      3%         N/A       100%        7
 Monstrous Menagerie      Summ           3%         N/A       100%        7
 Storm Form               Tmut/Air       10%        N/A       100%        7
 Summon Horrible Things   Summ           3%         N/A       100%        8


Dungeon Overview and Level Annotations

Branches:
Dungeon (15/15)            Temple (1/1) D:4            Lair (5/5) D:11
  Swamp (2/4) Lair:2       Spider (0/4) Lair:3        Slime (0/5) Lair:4
    Orc (2/2) D:10            Elf (2/3) Orc:2        Vaults (0/5) D:14
 Depths (1/4) D:15         Bailey (visited)         Desolation (visited)
Gauntlet (visited)

Altars:
Ashenzari
Cheibriados
Elyvilon
Makhleb
Nemelex Xobeh
Ru
Uskayaw
Vehumet
Wu Jian
Jiyva

Shops:
D:8 *   Orc:2 [([:   Elf:2 !=!(

Portals:
Abyss: Orc:2
Trove: D:10 (give +5 ice dragon scales)

Annotations:
D:7 3 runed translucent doors, Tollund's ghost, novice PaFi; hito's ghost, novice GnWr
D:14 Roxanne
Orc:2 2 transporters, Grorgnorb's ghost, journeyman KoNe
Elf:1 6 runed translucent doors


Innate Abilities, Weirdness & Mutations

You can breathe blasts of fire.
Your fiery red scales are hard. (AC +9)
You cannot fit into any form of body armour.
Your flesh is heat resistant. (rF+)
You are cold-blooded and may be slowed by cold attacks.
You have large cloven feet.


Message History

Unknown command.
Okay, then.
Casting: Starburst (mildly dangerous; 1% risk of failure)
Confirm with . or Enter, or press ? or * to list all spells.
Okay, then.
Casting: Starburst (mildly dangerous; 1% risk of failure)
Confirm with . or Enter, or press ? or * to list all spells.
The spell is quite dangerous to miscast (28% risk of failure)!
Continue anyway?
Casting: Ignition (quite dangerous; 28% risk of failure)
Press: ? - help, Dir - look around, f - activate The air bursts into flame!
The fireball engulfs the goliath frog!
The goliath frog is moderately wounded.
Your attack snaps the goliath frog out of its fear.
The fireball engulfs the alligator!
The alligator is lightly wounded.
Your attack snaps the alligator out of its fear.
The fireball engulfs the seven-headed hydra!!
The seven-headed hydra is moderately wounded.
The fireball engulfs the swamp worm!
The swamp worm is almost dead.
Your attack snaps the swamp worm out of its fear.
The fireball engulfs the eight-headed hydra!
The eight-headed hydra is lightly wounded.
Your attack snaps the eight-headed hydra out of its fear.
The mangrove smoulders and burns.
The fireball engulfs the eight-headed hydra!!
The eight-headed hydra is heavily wounded.
The mangrove smoulders and burns.
The fireball engulfs the swamp worm.
You kill the swamp worm!
Vehumet accepts your kill.
The mangrove smoulders and burns. x4; The fireball engulfs the goliath frog!
The goliath frog is severely wounded.
The fireball engulfs the goliath frog.
The goliath frog is almost dead.
The mangrove smoulders and burns.
You hear a deafening roar! x3
The goliath frog is engulfed in a cloud of scalding steam.
The goliath frog closely misses you.
The alligator puts on a burst of speed!
The seven-headed hydra bites you!
You die...

♣♣♣ ♣≈≈ ♣ ≈≈ ≈♣
≈≈ ≈≈≈ .
♣§§≈≈≈≈ ...
♣♣§§§§≈≈≈
♣.~.~♣♣~§F§§≈≈♣
♣..~§.@.D.§♣
♣♣.~.D..§§§~~~
♣~.§§...~~§~§
♣.....♣♣♣~♣♣♣
♣.§...♣ ♣
♣..t.♣♣ ♣.§§§
♣.~♣♣


You could see an alligator (swift), an eight-headed hydra, a seven-headed hydra
and a goliath frog.

Vanquished Creatures
  Agnes (Elf:2)
  A deep elf sorcerer (Elf:2)
  An orc warlord (Bailey)
  2 deep elf demonologists (Elf:1)
  A minotaur (Gauntlet)
  A fire dragon (D:15)
  Josephine (Lair:4)
  2 deep elf high priests (Elf:1)
  5 boulder beetles
  A peacekeeper (Desolation)
  10 hydras
  2 ogre magi (Orc:2)
  12 dancing weapons
  2 centaur warriors
  A deep troll shaman (Lair:5)
  14 two-headed ogres
  7 death yaks
  3 catoblepae
  2 tengu warriors (D:15)
  3 orc high priests
  4 deep elf knights
  A death drake (shapeshifter) (D:14)
  7 deep elf archers
  2 deep trolls (Orc:2)
  A lindwurm (Lair:3)
  An orb spider (Lair:3)
  2 wizards
  12 deep elf zephyrmancers
  11 deep elf pyromancers
  An orc sorcerer (Orc:1)
  A wolf spider (D:15)
  4 orc knights
  3 manticores
  8 ugly things
  9 cyclopes
  14 elephants
  4 black mambas
  Maggie (D:6)
  A torpor snail (Lair:5)
  3 gargoyles
  9 cane toads
  2 minotaur zombies (Gauntlet)
  A rime drake (Lair:1)
  An unseen horror (D:6)
  6 komodo dragons
  2 yaktaurs
  A tengu conjurer (D:15)
  13 trolls
  Prince Ribbit (D:6)
  A tarantella (shapeshifter) (D:14)
  2 raiju (Gauntlet)
  5 saltlings (Desolation)
  5 blink frogs (Lair:2)
  5 slime creatures (D:14)
  3 dream sheep (Lair:4)
  A shadow (D:9)
  Sigmund (D:4)
  2 air elementals (Elf:1)
  3 water elementals (Elf:1)
  6 wraiths
  3 wyverns
  A vampire (D:7)
  A spriggan (Lair:2)
  4 fire elementals (Elf:1)
  5 basilisks
  25 yaks
  A steam dragon (D:7)
  2 vampire mosquitoes (D:14)
  An acid dragon (D:14)
  A swamp worm (Swamp:2)
  Duvessa (D:6)
  11 water moccasins
  28 orc warriors
  A sky beast (D:6)
  6 black bears
  2 ice beasts
  6 wolves (Lair:5)
  24 ogres
  8 centaurs
  A phantom (D:5)
  3 kobold brigands
  Blork the orc (D:6)
  8 bullfrogs
  2 gnoll sergeants
  3 necrophages
  3 scorpions
  2 earth elementals
  15 wights
  Dowan (D:6)
  2 killer bees (D:9)
  3 howler monkeys
  2 electric eels (Lair:4)
  9 orc priests
  5 hounds
  A jelly (D:4)
  3 gnoll boudas
  An iguana (D:7)
  14 orc wizards
  A lightning spire (Gauntlet)
  Robin (D:2)
  6 adders
  31 gnolls
  A white imp (D:6)
  An ufetubus (D:6)
  2 worms
  2 dart slugs
  75 orcs
  7 bats
  5 endoplasms
  2 giant cockroaches
  27 goblins
  14 hobgoblins
  7 jackals
  14 kobolds
  A quokka (D:5)
  4 ball pythons
  4 frilled lizards
  5 rats
  5 pillars of salt (Elf:1)
657 creatures vanquished.

Vanquished Creatures (collateral kills)
  A boulder beetle (D:14)
  An orc warrior (D:9)
  2 howler monkeys (D:9)
  An orc priest (D:9)
  An orc wizard (D:9)
  2 orcs (D:9)
8 creatures vanquished.

Vanquished Creatures (others)
  A fire dragon (D:15)
  A deep elf knight (Elf:2)
  A deep elf archer (Elf:2)
  6 orcs (Elf:1)
  49 foxfires
  7 fungi
  6 pillars of salt (Elf:1)
  25 plants
96 creatures vanquished.

Grand Total: 761 creatures vanquished

Notes
Turn   | Place    | Note
-------+----------+-------------------------------------------
     0 | D:1      | runemasterragnar the Draconian Transmuter began the quest
                  | for the Orb.
     0 | D:1      | Reached XP level 1. HP: 16/16 MP: 3/3
     6 | D:1      | You fall into a shaft and drop 1 floor!
   211 | D:2      | Reached XP level 2. HP: 23/23 MP: 1/5
   413 | D:4      | Noticed a necrophage
   452 | D:5      | Entered Level 5 of the Dungeon
   484 | D:4      | Reached XP level 3. HP: 18/29 MP: 6/6
   860 | D:1      | Learned a level 2 spell: Wereblood
   864 | D:1      | Learned a level 3 spell: Spider Form
  1020 | D:1      | Reached XP level 4. HP: 36/36 MP: 4/7
  1653 | D:2      | Noticed Robin
  1678 | D:2      | Killed Robin
  2423 | D:3      | Reached XP level 5. HP: 41/41 MP: 7/9
  2957 | D:4      | Reached XP level 6. HP: 46/50 MP: 8/10
  3004 | D:4      | Noticed Sigmund
  3039 | D:4      | Killed Sigmund
  3383 | D:4      | Learned a level 5 spell: Blade Hands
  3418 | D:4      | Your scales start taking on a fiery red colour.
  3418 | D:4      | Reached XP level 7. HP: 57/57 MP: 5/11
  3418 | D:4      | Gained mutation: Your flesh is heat resistant. (rF+) [Red
                  | Draconian growth]
  3542 | D:4      | Found a staircase to the Ecumenical Temple.
  3590 | Temple   | Entered the Ecumenical Temple
  3629 | Temple   | Became a worshipper of Vehumet
  3767 | D:4      | Found a white marble altar of Elyvilon.
  3949 | D:5      | Reached skill level 5 in Transmutations
  4250 | D:5      | Reached XP level 8. HP: 66/66 MP: 10/13
  4434 | D:6      | Reached skill level 5 in Unarmed Combat
  4468 | D:6      | Noticed Prince Ribbit
  4481 | D:6      | Killed Prince Ribbit
  4688 | D:6      | Reached skill level 5 in Fighting
  4861 | D:6      | Reached * piety under Vehumet
  4861 | D:6      | Offered knowledge of Foxfire by Vehumet.
  4862 | D:6      | Reached XP level 9. HP: 74/74 MP: 10/16
  4864 | D:6      | Learned a level 1 spell: Foxfire
  4921 | D:6      | Noticed Maggie
  4933 | D:6      | Killed Maggie
  4980 | D:6      | Noticed Blork the orc
  5016 | D:6      | Killed Blork the orc
  5026 | D:6      | Killed an unseen horror
  5027 | D:6      | Reached skill level 5 in Dodging
  5027 | D:6      | Reached skill level 5 in Spellcasting
  5093 | D:6      | Noticed Duvessa
  5093 | D:6      | Noticed Dowan
  5098 | D:6      | Killed Duvessa
  5099 | D:6      | Killed Dowan
  5605 | D:7      | Found a runed translucent gate.
  5605 | D:7      | Found a runed translucent gate.
  5606 | D:7      | Found a runed translucent gate.
  5607 | D:7      | Noticed Tollund's ghost (novice PaFi)
  5607 | D:7      | Noticed hito's ghost (novice GnWr)
  5657 | D:7      | Offered knowledge of Scorch by Vehumet.
  5661 | D:7      | Learned a level 2 spell: Scorch
  6284 | D:8      | Found Isoenuinn's Lightly-Used Armoury.
  6295 | D:8      | Reached XP level 10. HP: 80/84 MP: 12/18
  6296 | D:8      | Reached ** piety under Vehumet
  6474 | D:8      | Offered knowledge of Inner Flame by Vehumet.
  6782 | D:9      | Found a sacrificial altar of Ru.
  6794 | D:9      | Identified 2 scrolls of acquirement
  6794 | D:9      | Acquired the ring of Visimi Biseu {rPois Will+++ rCorr
                  | Dex-3 Slay+2}
  6798 | D:9      | Acquired 338 gold pieces
  6870 | D:9      | Found a flagged portal.
  6875 | Bailey   | Entered a bailey
  6897 | Bailey   | Reached *** piety under Vehumet
  6918 | Bailey   | Reached skill level 1 in Fire Magic
  6937 | Bailey   | Reached skill level 1 in Conjurations
  6966 | Bailey   | Offered knowledge of Olgreb's Toxic Radiance by Vehumet.
  6969 | Bailey   | Reached skill level 2 in Fire Magic
  7005 | Bailey   | Noticed an orc knight
  7029 | Bailey   | Killed an orc knight
  7032 | Bailey   | Reached skill level 3 in Fire Magic
  7448 | Bailey   | Noticed an orc warlord
  7468 | Bailey   | Killed an orc warlord
  7481 | Bailey   | Reached skill level 4 in Fire Magic
  7614 | D:9      | Reached XP level 11. HP: 75/92 MP: 13/20
  7628 | D:9      | Reached **** piety under Vehumet
  7668 | D:9      | Found a snail-covered altar of Cheibriados.
  7742 | D:9      | Offered knowledge of Freezing Cloud by Vehumet.
  7852 | D:9      | Found an ornate altar of the Wu Jian Council.
  7855 | D:9      | Learned a level 1 spell: Magic Dart
  8070 | D:9      | Acquired 853 gold pieces
  8106 | D:10     | Entered Level 10 of the Dungeon
  8236 | D:10     | Noticed a two-headed ogre
  8244 | D:10     | Killed a two-headed ogre
  8245 | D:10     | Reached skill level 5 in Fire Magic
  8580 | D:10     | Found a portal to a secret trove of treasure.
  8830 | D:10     | Reached skill level 6 in Fire Magic
  8859 | D:10     | Found a staircase to the Orcish Mines.
  9002 | D:11     | Found a staircase to the Lair.
  9013 | D:11     | Reached skill level 5 in Conjurations
  9149 | D:11     | Learned a level 4 spell: Sticky Flame
  9204 | D:11     | Reached ***** piety under Vehumet
  9205 | D:11     | Offered knowledge of Starburst by Vehumet.
  9371 | D:11     | Acquired 899 gold pieces
  9381 | D:11     | Reached skill level 7 in Fire Magic
  9549 | D:12     | Noticed a boulder beetle
  9576 | Lair:1   | Entered Level 1 of the Lair of Beasts
  9579 | Lair:1   | Found a gate leading to a gauntlet.
  9606 | Lair:1   | Reached XP level 12. HP: 99/103 MP: 22/22
  9645 | Gauntlet | Entered a Gauntlet
  9645 | Gauntlet | Found a transporter.
  9653 | Gauntlet | Found a transporter.
  9666 | Gauntlet | Found a transporter.
  9671 | Gauntlet | Found a transporter.
  9681 | Gauntlet | Found a transporter.
  9700 | Gauntlet | Found the amulet of the Air {Inacc Air Fly rElec RMsl}
  9701 | Gauntlet | Found a transporter.
  9714 | Gauntlet | Found a transporter.
  9733 | Gauntlet | Found a transporter.
  9737 | Gauntlet | Found a transporter.
  9749 | Gauntlet | Found a transporter.
  9764 | Gauntlet | Noticed an eight-headed hydra
  9768 | Gauntlet | Noticed an alligator
  9768 | Gauntlet | an eight-headed hydra changed into an alligator
  9769 | Gauntlet | Noticed an entropy weaver
  9769 | Gauntlet | an alligator changed into an entropy weaver
  9770 | Gauntlet | Found a transporter.
  9770 | Gauntlet | Noticed a death yak
  9770 | Gauntlet | an entropy weaver changed into a death yak
  9772 | Gauntlet | Found a transporter.
  9775 | Gauntlet | Noticed a frost giant
  9775 | Gauntlet | a death yak changed into a frost giant
  9776 | Gauntlet | a frost giant changed into an iron troll
  9779 | Gauntlet | Noticed a dire elephant
  9779 | Gauntlet | an iron troll changed into a dire elephant
  9783 | Gauntlet | Noticed a minotaur
  9783 | Gauntlet | a dire elephant changed into a minotaur
  9790 | Gauntlet | Noticed an emperor scorpion
  9790 | Gauntlet | a minotaur changed into an emperor scorpion
  9791 | Gauntlet | Noticed a storm dragon
  9791 | Gauntlet | an emperor scorpion changed into a storm dragon
  9793 | Gauntlet | Noticed a death yak
  9793 | Gauntlet | a storm dragon changed into a death yak
  9794 | Gauntlet | Noticed an azure jelly
  9794 | Gauntlet | a death yak changed into an azure jelly
  9796 | Gauntlet | Noticed a stone giant
  9796 | Gauntlet | an azure jelly changed into a stone giant
  9802 | Gauntlet | Noticed a sphinx
  9802 | Gauntlet | a stone giant changed into a sphinx
  9808 | Gauntlet | a sphinx changed into an iron troll
  9814 | Gauntlet | Noticed a quicksilver dragon
  9814 | Gauntlet | an iron troll changed into a quicksilver dragon
  9858 | Gauntlet | Noticed a dire elephant
  9872 | Gauntlet | Noticed a fire giant
  9872 | Gauntlet | a dire elephant changed into a fire giant
  9878 | Gauntlet | Noticed an azure jelly
  9878 | Gauntlet | a fire giant changed into an azure jelly
  9879 | Gauntlet | Noticed a fire giant
  9879 | Gauntlet | an azure jelly changed into a fire giant
  9882 | Gauntlet | Noticed an alligator snapping turtle
  9882 | Gauntlet | a fire giant changed into an alligator snapping turtle
  9897 | Gauntlet | Identified the ring of the Final Decision {rC+ Will+ Str-4
                  | Dex+3}
  9952 | Gauntlet | Identified the +1 pair of boots "Ypluac" {rElec rCorr Str+8
                  | Dex-3}
  9975 | Gauntlet | Identified the +3 quarterstaff of the End of Times {vorpal,
                  | *Slow rPois Int+2 Dex+6}
  9975 | Gauntlet | Identified the amulet of Gibbotojumer {Acrobat rC- Str+3
                  | Dex+2}
  9975 | Gauntlet | Noticed a minotaur
  9984 | Gauntlet | Killed a minotaur
  9994 | Gauntlet | Got the Textbook on Coarse Shapeshifting
 10191 | Lair:1   | Identified the +1 robe "Sygraf" {Int+6 Stlth+}
 10579 | Lair:1   | Learned a level 6 spell: Starburst
 10601 | Lair:2   | Found a staircase to the Swamp.
 10719 | Lair:2   | Reached skill level 8 in Fire Magic
 10875 | Lair:2   | Noticed an eight-headed hydra
 10881 | Lair:2   | Killed an eight-headed hydra
 11538 | Lair:3   | Acquired 889 gold pieces
 11565 | Lair:3   | Reached skill level 9 in Fire Magic
 11692 | Lair:3   | Identified the +0 ring mail of the Storm King {rPois rN+
                  | Regen+ Int+3}
 12045 | Lair:3   | Found a hole to the Spider Nest.
 12431 | Lair:4   | Noticed a six-headed hydra
 12438 | Lair:4   | Killed a six-headed hydra
 12875 | Lair:4   | Found a viscous altar of Jiyva.
 12875 | Lair:4   | Found a staircase to the Slime Pits.
 12879 | Lair:4   | Noticed a boulder beetle
 12902 | Lair:4   | Killed a boulder beetle
 12927 | Lair:4   | Found a hide-covered altar of Uskayaw.
 12927 | Lair:4   | Found an ornate altar of the Wu Jian Council.
 12970 | Lair:4   | Gained mutation: Your magical capacity is low. (-10% MP)
                  | [potion of mutation]
 12970 | Lair:4   | Gained mutation: You have hidden genetic potential. [potion
                  | of mutation]
 12971 | Lair:4   | Lost mutation: You have hidden genetic potential. [potion
                  | of mutation]
 12971 | Lair:4   | Lost mutation: Your magical capacity is low. (-10% MP)
                  | [potion of mutation]
 12971 | Lair:4   | Gained mutation: You have large cloven feet. [potion of
                  | mutation]
 12987 | Lair:4   | You fall into a shaft and drop 1 floor!
 12987 | Lair:5   | Entered Level 5 of the Lair of Beasts
 12987 | Lair:5   | Noticed a death yak
 12987 | Lair:5   | Noticed a death yak
 12987 | Lair:5   | Noticed a death yak
 12987 | Lair:5   | Noticed a death yak
 12987 | Lair:5   | Noticed a death yak
 12987 | Lair:5   | Noticed a death yak
 12987 | Lair:5   | Noticed a catoblepas
 13021 | Lair:5   | Reached XP level 13. HP: 101/111 MP: 19/25
 13348 | Lair:5   | Reached skill level 10 in Fire Magic
 14099 | Orc:1    | Entered Level 1 of the Orcish Mines
 14305 | Orc:1    | Offered knowledge of Iron Shot by Vehumet.
 14556 | Orc:2    | Entered Level 2 of the Orcish Mines
 14579 | Orc:2    | Found a staircase to the Elven Halls.
 14580 | Orc:2    | Found a flickering gateway to a bazaar.
 14586 | Bazaar   | Entered a bazaar
 14599 | Bazaar   | Found Jaughej's General Store.
 14606 | Bazaar   | Found Derocier's Weapon Emporium.
 14613 | Bazaar   | Found Ajomerao's Jewellery Shop.
 14619 | Bazaar   | Found Amazxucw's Magic Scroll Emporium.
 14644 | Bazaar   | Bought a scroll of teleportation for 48 gold pieces
 14644 | Bazaar   | Bought a scroll of identify for 32 gold pieces
 14644 | Bazaar   | Bought a scroll of identify for 32 gold pieces
 14651 | Bazaar   | Bought an amulet of reflection for 270 gold pieces
 14675 | Bazaar   | Bought a wand of mindburst (4) for 67 gold pieces
 14916 | Orc:2    | Found Erruhuog's Antique Armour Shoppe.
 14923 | Orc:2    | Reached skill level 11 in Fire Magic
 14924 | Orc:2    | Reached skill level 10 in Fighting
 15732 | Orc:2    | Found a transporter.
 15744 | Orc:2    | Found a transporter.
 15757 | Orc:2    | Found a one-way gate to the infinite horrors of the Abyss.
 15757 | Orc:2    | Noticed Grorgnorb's ghost (journeyman KoNe)
 15757 | Orc:2    | Noticed a tentacled monstrosity
 16190 | Orc:2    | Reached XP level 14. HP: 78/122 MP: 19/26
 16340 | Orc:2    | Found Heong's Armour Shop.
 16342 | Orc:2    | Found Wasefrocvo's Weapon Shoppe.
 16354 | Orc:2    | Found Zeedackam's Book Emporium.
 16362 | Orc:2    | Reached skill level 10 in Conjurations
 16371 | Orc:2    | Bought a book of Fire for 572 gold pieces
 16448 | Orc:2    | Learned a level 5 spell: Fireball
 16458 | Orc:2    | Bought the +1 pair of boots of a bazaar {rN+++ Dex-4 SInv
                  | Stlth+} for 469 gold pieces
 16485 | Orc:2    | Identified the +3 broad axe of Invincibility {flame, rN+}
 16694 | Orc:2    | Reached skill level 12 in Fire Magic
 17326 | D:12     | Reached skill level 10 in Unarmed Combat
 17403 | Swamp:1  | Entered Level 1 of the Swamp
 17960 | D:13     | Offered knowledge of Irradiate by Vehumet.
 19438 | D:14     | Reached skill level 13 in Fire Magic
 20005 | D:14     | Found a gate to the Vaults.
 20080 | D:14     | Noticed Roxanne
 20294 | D:15     | Entered Level 15 of the Dungeon
 21311 | D:15     | Found a staircase to the Depths.
 22351 | Depths:1 | Entered Level 1 of the Depths
 22352 | Depths:1 | Noticed a cyan very ugly thing
 22400 | D:15     | Reached XP level 15. HP: 88/130 MP: 18/28
 22567 | Elf:1    | Entered Level 1 of the Elven Halls
 22600 | Elf:1    | Found a radiant altar of Vehumet.
 22653 | Elf:1    | Offered knowledge of Spellforged Servitor by Vehumet.
 22784 | Elf:1    | Found a crumbling gateway.
 22795 | Desolati | Entered the Desolation of Salt
 22810 | Desolati | HP: 6/130 [peacekeeper/volley of spikes (15)]
 22812 | Desolati | HP: 2/130 [barbs]
 23283 | Elf:1    | Reached skill level 14 in Fire Magic
 23575 | Elf:1    | Paralysed by an air elemental for 1 turns
 24876 | Elf:1    | Reached skill level 10 in Spellcasting
 24888 | Elf:1    | Reached skill level 10 in Dodging
 25902 | Elf:1    | Found the +2 hat of the Bear Spirit {Spirit, *Rage Will++}
 25903 | Elf:1    | Found a runed translucent gate.
 25903 | Elf:1    | Found a runed translucent gate.
 25903 | Elf:1    | Found a runed translucent gate.
 25903 | Elf:1    | Found a runed translucent gate.
 25903 | Elf:1    | Found a runed translucent gate.
 25904 | Elf:1    | Noticed a storm dragon
 25905 | Elf:1    | Found a runed translucent gate.
 25905 | Elf:1    | Noticed an iron dragon
 25911 | Elf:1    | Identified the +0 pair of boots "Wecoj" {rElec rN+ Will+}
 26008 | Elf:2    | Found Kad Mus's Jewellery Shoppe.
 26013 | Elf:2    | Found Rudghes's Distillery.
 26019 | Elf:2    | Bought a potion of curing for 42 gold pieces
 26019 | Elf:2    | Bought 2 potions of haste for 280 gold pieces
 26019 | Elf:2    | Bought a potion of haste for 140 gold pieces
 26104 | Elf:2    | Found Geyzupoja's Weapon Shop.
 26257 | Elf:2    | Noticed a deep elf sorcerer
 26268 | Elf:2    | Killed a deep elf sorcerer
 26351 | Elf:2    | Found Volanumi's Distillery.
 26424 | Elf:2    | Found a runed translucent gate.
 26424 | Elf:2    | Found a runed translucent gate.
 26424 | Elf:2    | Found a runed translucent gate.
 26442 | Elf:2    | Noticed Agnes
 26452 | Elf:2    | HP: 4/132 [deep elf knight/shard of ice (28)]
 26462 | Elf:2    | HP: 4/132 [+0 mace of holy wrath (10)]
 26847 | Elf:2    | Killed Agnes
 27743 | Lair:4   | Reached skill level 15 in Fire Magic
 27806 | Lair:4   | Noticed Josephine
 27816 | Lair:4   | Killed Josephine
 28100 | Lair:4   | Reached XP level 16. HP: 80/139 MP: 20/30
 29492 | Lair:5   | Learned a level 8 spell: Ignition
 29655 | Swamp:2  | HP: 3/139 [seven-headed hydra (12)]
 29656 | Swamp:2  | Slain by a seven-headed hydra

Illustrated notes

Levels and vault maps discovered:
D:1:      nagdon_arrival_zigzag_paths, layout_basic
D:2:      minmay_spotlight, layout_loops_ring, serial_bayou_ford_a, uniq_robin
D:3:      layout_loops_ring, chequers_serial_rivers_large_b
D:4:      layout_rooms, lemuel_round_altar, minmay_temple_entry_antechambers,
          serial_glass, glass_columns_b, glass_columns_b, uniq_sigmund
D:5:      layout_rooms
D:6:      layout_loops_ring, uniq_prince_ribbit1, uniq_maggie, uniq_duvessa,
          uniq_blork_the_orc
D:7:      layout_loops_ring, gammafunk_ghost_cemetery, kennysheep_pointless_box,
          hangedman_abyss_or_decor_stabs
D:8:      layout_cave_pools, minmay_shop_damaged, grunt_decor_one_mirror,
          st_stairs_2
D:9:      layout_rooms, hangedman_ru_absence, mainiacjoe_overflow_big_doors,
          enter_bailey_4, nicolae_wwwww, minmay_diced_spiral
D:10:     layout_cave_pools, david_orc_4, enter_trove_1, due_unseen_surprise
D:11:     layout_rooms, david_lair_generic, eino_tiny_chamber
D:12:     minmay_sliced_demisemicircle, layout_rooms, minmay_holes
D:13:     layout_cave_pools
D:14:     layout_long_grid, david_vaults_4, ebering_dispersal_statue_hall,
          uniq_roxanne
D:15:     grunt_enter_depths_hoard, layout_basic, dk_noncrumbling_3
Temple:   dpeg_five_rooms_temple
Lair:1:   layout_chaotic_city, gauntlet_entry_generic
Lair:2:   layout_gridlike, swamp_mist, st_stairs_12,
          grunt_forest_large_clearing_hut
Lair:3:   layout_regular_city, nicolae_spider_entry_orb_guardian
Lair:4:   nzn_winding_woodlands_huge [nzn_winding_woodlands_5x15_parted,
          nzn_winding_woodlands_5x15_cabin,
          nzn_winding_woodlands_5x15_sidewinder,
          nzn_winding_woodlands_5x15_longhouse,
          nzn_winding_woodlands_5x15_garden, nzn_winding_woodlands_5x15_default,
          nzn_winding_woodlands_5x15_split_checker,
          nzn_winding_woodlands_5x15_river_crossing,
          nzn_winding_woodlands_5x15_pathside_ponds,
          nzn_winding_woodlands_5x15_pockets,
          nzn_winding_woodlands_center_triple_pond,
          nzn_winding_woodlands_center_garden,
          nzn_winding_woodlands_15x15_eel_pit], layout_regular_city,
          slime_entry_1, serial_rivers, chequers_serial_rivers_small_3,
          chequers_serial_rivers_small_3, chequers_serial_rivers_micro_a,
          chequers_serial_rivers_room_a, chequers_serial_rivers_micro_b,
          nzn_masters_of_martial_movement, uniq_josephine
Lair:5:   grunt_lair_end_beastmaster, layout_loops_ring, st_stairs_4
Swamp:1:  layout_falls_marsh, evilmike_swamp_ruin_house_3, swamp_pool1,
          roderic_carrion_pond
Swamp:2:  layout_basic_swamp, serial_swamp_ruin, evilmike_swamp_ruin_wall,
          evilmike_swamp_ruin_house_5, swamp_pool1, hangedman_swamp_dais,
          uniq_donald
Orc:1:    layout_caves
Orc:2:    st_orc_open, layout_diamond_mine, serial_shops, bzr_entry_safe,
          gammafunk_ghost_abyssal_escape
Elf:1:    eino_elf_arrival_altar, layout_geoelf_grid,
          portal_desolation_entry_garden, orc_legates
Elf:2:    elven_hall_of_blades_hangedman_original
          [nicolae_blade_entry_diamond_columns], layout_geoelf_octagon,
          serial_shops, shop, shop, shop, nicolae_take_the_stairs,
          nicolae_shop_hallway_plus, uniq_agnes
Depths:1: layout_long_grid, pf_coc_iceberg, eino_curves_01,
          lemuel_flamethrower_3, serial_bayou_shore_b, minmay_shoptagon,
          serial_bayou_shore_a, uniq_enchantress

Skill      XL: |  1  2  3  4  5  6  7  8  9 10 11 12 13 14 15 16 |
---------------+-------------------------------------------------+-----
Dodging        | 2 3 4 5 6 7 8 9 10 | 10.4
Transmutations | 3 4 5 7 8 9 |  9.2
Fighting       | 2 3 4 5 6 7 8 9 10 11 12 | 12.1
Unarmed Combat | 4 5 6 7 8 9 10 11 | 11.5
Spellcasting   | 3 4 5 6 7 8 9 10 | 10.4
Fire Magic     | 4 7 9 11 13 15 | 15.3
Conjurations   | 3 6 8 9 11 12 13 | 13.0

Action                   |  1- 3 |  4- 6 |  7- 9 | 10-12 | 13-15 | 16-18 || total
-------------------------+-------+-------+-------+-------+-------+-------++-------
Melee: Unarmed           |    68 |   173 |   249 |   408 |   623 |    41 ||  1562
       Kick              |     9 |    22 |    20 |     1 |     1 |     1 ||    54
       Headbutt          |     9 |    14 |     6 |     5 |       |       ||    34
       Tailslap          |     4 |     6 |    23 |    75 |    88 |    10 ||   206
       Punch             |     1 |     1 |     2 |    27 |    43 |     5 ||    79
 Cast: Beastly Appendage |    16 |    24 |    12 |     5 |     1 |     1 ||    59
       Spider Form       |       |     9 |    12 |       |       |       ||    21
       Wereblood         |       |     2 |     3 |    19 |    19 |     1 ||    44
       Blade Hands       |       |       |    14 |    46 |   110 |     6 ||   176
       Scorch            |       |       |       |    28 |    20 |     2 ||    50
       Foxfire           |       |       |       |    21 |    10 |     1 ||    32
       Magic Dart        |       |       |       |     3 |     1 |       ||     4
       Starburst         |       |       |       |     8 |    28 |     1 ||    37
       Sticky Flame      |       |       |       |     5 |    18 |     1 ||    24
       Fireball          |       |       |       |       |       |     2 ||     2
       Ignition          |       |       |       |       |       |     1 ||     1
 Abil: Breathe Fire      |       |       |     8 |    28 |    17 |     1 ||    54
Evoke: Wand              |       |       |       |    13 |     4 |       ||    17
  Use: Scroll            |     1 |     3 |     4 |    19 |    17 |     2 ||    46
       Potion            |       |     1 |       |     6 |    14 |       ||    21
 Stab: Sleeping          |       |     2 |     1 |       |       |       ||     3
       Paralysed         |       |       |       |     2 |     3 |       ||     5
       Invisible         |       |       |       |     1 |       |       ||     1
       Distracted        |       |       |       |       |     1 |       ||     1
Armor: Skin              |    25 |    37 |    72 |   188 |   258 |    13 ||   593
Dodge: Dodged            |    50 |   129 |   180 |   325 |   328 |    24 ||  1036
Block: Other             |       |       |       |       |   103 |    16 ||   119
       Reflection        |       |       |       |       |    14 |       ||    14
